 Dungeon Crawl Stone Soup version 0.26-a0-84-g8c18429211 (webtiles) character file.

Game seed: 16334516337583632107

9 MalarOregon the Digger (level 2, 20/20 HPs)
             Began as a Draconian Earth Elementalist on June 11, 2020.
             Quit the game on level 1 of the Dungeon on June 20, 2020.
             The game lasted 00:02:33 (736 turns).

MalarOregon the Digger (DrEE)                        Turns: 736, Time: 00:02:34

Health: 20/20      AC:  4    Str: 10    XL:     2   Next: 6%
Magic:  5/5        EV: 12    Int: 15    God:
Gold:   4          SH:  0    Dex: 11    Spells: 4/5 levels left

rFire    . . .     SeeInvis .   (no weapon)
rCold    . . .     Gourm    .   (no shield)
rNeg     . . .     Faith    .   (armour unavailable)
rPois    .         Spirit   .   (helmet restricted)
rElec    .         Reflect  .   (no cloak)
rCorr    .         Harm     .   (no gloves)
MR       .....                  (no boots)
Stlth    ++........             (no amulet)
HPRegen  0.06/turn              (no ring)
MPRegen  0.09/turn              (no ring)

@: no status effects
A: unfitting armour, cold-blooded, AC +4
a: no special abilities


You were on level 1 of the Dungeon.
You were not hungry.

You visited 1 branch of the dungeon, and saw 1 of its levels.

You collected 4 gold pieces.

Inventory:

Missiles
 b - 54 stones (quivered)
 d - 9 poisoned darts
Scrolls
 f - 2 scrolls of magic mapping {unknown}
 g - a scroll of enchant armour {unknown}
 i - a scroll of remove curse {unknown}
Potions
 a - a potion of invisibility {unknown}
 c - a potion of heal wounds {unknown}
Comestibles
 e - 2 rations {!d}


   Skills:
 - Level 1.7 Dodging
 - Level 1.7 Stealth
 - Level 2.0 Spellcasting
   Level 1.0 Transmutations
 + Level 3.6 Earth Magic


You had 4 spell levels left.
You knew the following spells:

 Your Spells              Type           Power        Failure   Level  Hunger
a - Sandblast             Erth           ##....       4%          1    #......

Your spell library contained the following spells:

 Spells                   Type           Power        Failure   Level  Hunger
 Passwall                 Tmut/Erth      #.......     13%         2    ###....
 Stone Arrow              Conj/Erth      #.....       32%         3    ###....
 Petrify                  Tmut/Erth      #.......     65%         4    #####..
 Lee's Rapid Deconstruct  Erth           ##........   80%         5    ######.


Dungeon Overview and Level Annotations

Branches:
Dungeon (1/15)

Altars:


Innate Abilities, Weirdness & Mutations

Your plain brown scales are hard. (AC +4)
You cannot fit into any form of body armour.
You are cold-blooded and may be slowed by cold attacks.


Message History

The hobgoblin shouts!
A bat comes into view.
The bat moves out of view.
You start waiting.
You start waiting.
The giant cockroach is too close now for your liking.
You hit the giant cockroach. The giant cockroach barely misses you.
You closely miss the giant cockroach.
Your tail-slap misses the giant cockroach.
The giant cockroach bites you but does no damage.
You hit the giant cockroach. You tail-slap the giant cockroach.
You kill the giant cockroach!
You hit the hobgoblin. You closely miss the hobgoblin.
The hobgoblin barely misses you.
You barely miss the hobgoblin.
The hobgoblin hits you but does no damage.
You hit the hobgoblin. The hobgoblin barely misses you.
You barely miss the hobgoblin.
The hobgoblin hits you but does no damage.
You hit the hobgoblin but do no damage. The hobgoblin completely misses you.
You hit the hobgoblin. The hobgoblin hits you with a +0 club.
You closely miss the hobgoblin. The hobgoblin hits you with a +0 club.
You hit the hobgoblin but do no damage. The hobgoblin hits you with a +0 club.
You hit the hobgoblin.
You kill the hobgoblin!
You have reached level 2!
You start resting.
A kobold comes into view. It is wielding a +0 dagger.
A kobold is nearby!
The kobold hits you but does no damage. The kobold hits you with a +0 dagger.
You hit the kobold but do no damage. The kobold closely misses you.
You closely miss the kobold. The kobold barely misses you.
You hit the kobold but do no damage. The kobold hits you but does no damage.
You miss the kobold. The kobold hits you with a +0 dagger.
* * * LOW HITPOINT WARNING * * *
You hit the kobold but do no damage. The kobold hits you but does no damage.
You hit the kobold.
You kill the kobold!
You now have 4 gold pieces.
You see here a +0 dagger.
Unknown command.
There isn't anything to butcher here.
You start resting.
All of the chunks of flesh in your inventory have rotted away.
Welcome back, MalarOregon the Draconian Earth Elementalist.
You can't go down here!
You can't go down here!
Saving game... please wait.
Welcome back, MalarOregon the Draconian Earth Elementalist.

#..#≈...≈##.# #.# #.#
#...≈...≈##.####.###.#
##.#≈.<.≈##.#........#
#.#≈...≈##.#........#
#.#≈...≈##.#.......)#
#.≈♣....≈...........#
#≈♣⌠♣≈P⌠.≈.#........#
#.≈♣≈.≈.≈..#........#
#.#≈...≈#.....@)...##
#.##..###.#.##.##### #
#.## #.#.##.# #.#
#.#.##.# #.. #.#.##.##
## #.......# ###.##..#
.. ....# ###...#.#


There were no monsters in sight!

Vanquished Creatures
  A dart slug (D:1)
  A giant cockroach (D:1)
  2 hobgoblins (D:1)
  A ball python (D:1)
  A bat (D:1)
  2 kobolds (D:1)
  2 toadstools (D:1)
10 creatures vanquished.

Vanquished Creatures (others)
  2 toadstools (D:1)
2 creatures vanquished.

Grand Total: 12 creatures vanquished

Notes
Turn   | Place    | Note
-------+----------+-------------------------------------------
     0 | D:1      | MalarOregon the Draconian Earth Elementalist began the
                  | quest for the Orb.
     0 | D:1      | Reached XP level 1. HP: 14/14 MP: 3/3
   508 | D:1      | Reached XP level 2. HP: 11/20 MP: 5/5
   736 | D:1      | Upgraded the game from 0.26-a0-64-g059e62fbdb to
                  | 0.26-a0-72-g09a6a6ccbd
   736 | D:1      | Upgraded the game from 0.26-a0-72-g09a6a6ccbd to
                  | 0.26-a0-84-g8c18429211
   736 | D:1      | Quit the game

Illustrated notes

Levels and vault maps discovered:
D:1:      ldierk_water_garden, layout_loops_ring, hangedman_decor_opposing,
          minmay_tromino_mix6

Action                   || total
-------------------------++-------
Melee: Unarmed           ||    51
       Tailslap          ||     8
 Stab: Sleeping          ||     2
Armor: Skin              ||    12
Dodge: Dodged            ||    17

Table legend:
 A = Non-vault XP
 B = Vault XP
 C = Vault XP percentage of total XP
 D = Non-vault monster count
 E = Vault monster count
 F = Vault count percentage of total count
                 A         B        C        D         E       F
            +---------+---------+-------+---------+---------+-------
      Total |      13 |       1 |   7.1 |       7 |       1 |  12.5
            +---------+---------+-------+---------+---------+-------
        D:1 |      13 |       1 |   7.1 |       7 |       1 |  12.5
            +---------+---------+-------+---------+---------+-------
